 Dungeon Crawl Stone Soup version 0.29.1-15-g9cfb28693d (webtiles) character file.

Game seed: 4709008134431370848

210 firemarshallily the Sneak (level 5, -1/36 HPs)
             Began as an Octopode Brigand on Mar 9, 2023.
             Was a Believer of Uskayaw.
             Slain by a water moccasin zombie (7 damage)
             ... in an ossuary.
             The game lasted 00:10:10 (3793 turns).

firemarshallily the Sneak (Octopode Brigand)        Turns: 3793, Time: 00:10:11

Health: -1/36      AC:  1    Str: 10    XL:     5   Next: 87%
Magic:  5/5        EV: 13    Int: 13    God:    Uskayaw [**....]
Gold:   80         SH:  0    Dex: 16    Spells: 4/4 levels left

rFire   . . .      SeeInvis .   a - +5 dagger
rCold   . . .      Faith    .   (no shield)
rNeg    . . .      Spirit   .   (helmet restricted)
rPois   .          Reflect  .   (no amulet)
rElec   .          Harm     .   (no ring)
rCorr   .          Rampage  .   (no ring)
Will    .....                   (no ring)
Stlth   +++++.....              (no ring)
HPRegen 0.12/turn               (no ring)
MPRegen 0.09/turn               (no ring)
                                (no ring)
                                (no ring)

@: flying
A: almost no armour, amphibious, 8 rings, camouflage 1, gelatinous body 1,
(nimble swimmer 1), tentacles
a: Renounce Religion, Stomp, Line Pass


You were in an ossuary.
You worshipped Uskayaw.
Uskayaw was noncommittal.
You visited 1 branch of the dungeon, and saw 4 of its levels.
You also visited: Ossuary.

You collected 177 gold pieces.
You spent 97 gold pieces at shops.

Inventory:

Hand Weapons
 a - a +5 dagger (weapon)
Missiles
 b - 9 poisoned darts (quivered)
 c - 3 curare-tipped darts
Wands
 t - a wand of roots (8)
Scrolls
 d - a scroll of enchant armour
 f - 2 scrolls of immolation
 i - 3 scrolls of fog
 k - 3 scrolls of amnesia
 o - 3 scrolls of teleportation
 r - a scroll of silence
Potions
 e - a potion of lignification {unknown}
 g - a potion of curing {unknown}
 h - a potion of magic {unknown}
 j - a potion of heal wounds {unknown}
 l - a potion of flight
 p - a potion of invisibility {unknown}
 q - a potion of haste {unknown}
 s - a potion of ambrosia {unknown}


   Skills:
 + Level 3.1 Fighting
 * Level 4.0 Short Blades
 - Level 2.0 Throwing
 - Level 1.0 Dodging
 * Level 7.3 Stealth


You had 4 spell levels left.
You didn't know any spells.
Your spell library contained the following spells:

 Spells                   Type           Power      Damage    Failure   Level
 Freeze                   Ice            0%         1d3       30%         1
 Frozen Ramparts          Ice            0%         1d1       67%         3
 Hailstorm                Conj/Ice       0%         3d3       97%         4


Dungeon Overview and Level Annotations

Branches:
Dungeon (4/15)            Ossuary (1/1)
 Temple: D:4-7

Altars:
Uskayaw
Zin

Shops:
D:1 *


Innate Abilities, Weirdness & Mutations

You cannot wear most types of armour.
You are amphibious.
You can wear up to eight rings at the same time.
Your skin changes colour to match your surroundings (Stealth+).
Your rubbery body absorbs attacks. (AC +1, EV +1)
((You are camouflaged when in or above water. (Stealth+)))
You have tentacles for arms and can constrict up to eight enemies at once.


Message History

You squeeze the kobold zombie.
You destroy the kobold zombie!
The water moccasin zombie barely misses you.
You hit the gnoll zombie. You grab the gnoll zombie.
The gnoll zombie is moderately damaged.
You constrict the gnoll zombie.
The water moccasin zombie bites you but does no damage.
The gnoll zombie barely misses you.
You hit the gnoll zombie. You squeeze the gnoll zombie.
You destroy the gnoll zombie!
The water moccasin zombie barely misses you.
You hit the water moccasin zombie. You grab the water moccasin zombie.
You tentacle-slap the water moccasin zombie.
The water moccasin zombie is lightly damaged.
You constrict the water moccasin zombie.
The water moccasin zombie barely misses you.
The water moccasin zombie bites you!
You can now pass through a line of other dancers.
You hit the water moccasin zombie.
Your grab misses the water moccasin zombie.
Your squeeze misses the water moccasin zombie.
The water moccasin zombie is lightly damaged.
You constrict the water moccasin zombie.
The water moccasin zombie bites you! The water moccasin zombie bites you.
You hit the water moccasin zombie.
Your grab misses the water moccasin zombie.
The water moccasin zombie is lightly damaged.
You constrict the water moccasin zombie.
The water moccasin zombie bites you!
The water moccasin zombie barely misses you.
It was a potion of flight.
You feel very buoyant.
You fly up into the air.
You constrict the water moccasin zombie.
The water moccasin zombie bites you.
* * * LOW HITPOINT WARNING * * *
The water moccasin zombie closely misses you.
You release your grip on the water moccasin zombie.
The water moccasin zombie bites you!
You die...

#####
##########
#...#
#!?!?#...#
#..Z+
+!|[?#.∩.'
#...#
#?!!?#...#
#Z..#
##########
#ZZ.# #
#Z### #
#@..# #
#...# #
#...# #
#...# #
###'# #
#...# #
#...# #
#...# #
#...# #


You could see 4 water moccasin zombies and an orc zombie.

Vanquished Creatures
  An orc priest (D:4)
  A mummy (D:4)
  3 gnolls (D:3)
  4 adders
  6 adder zombies (Ossuary)
  A worm (D:2)
  2 dart slugs
  7 orcs
  5 ball pythons
  2 endoplasms
  2 giant cockroaches
  5 goblins
  5 hobgoblins
  5 kobolds
  2 quokkas (D:1)
  2 bats (D:3)
  2 frilled lizards
  A gnoll zombie (Ossuary)
  2 hobgoblin zombies (Ossuary)
  8 kobold zombies (Ossuary)
  6 orc zombies (Ossuary)
  6 rats
78 creatures vanquished.

Notes
Turn   | Place    | Note
-------+----------+-------------------------------------------
     0 | D:1      | firemarshallily the Octopode Brigand began the quest for
                  | the Orb.
     0 | D:1      | Reached XP level 1. HP: 14/14 MP: 1/1
    11 | D:1      | Found a faded altar of an unknown god.
    51 | D:1      | Prayed at the altar of an unknown god.
    51 | D:1      | Became a worshipper of Uskayaw the Reveller
    51 | D:1      | Reached * piety under Uskayaw
   178 | D:1      | Reached ** piety under Uskayaw
   179 | D:1      | Reached XP level 2. HP: 19/19 MP: 2/2
   235 | D:1      | Found Gacuusai's Assorted Antiques.
   913 | D:1      | Reached XP level 3. HP: 25/25 MP: 3/3
  1097 | D:2      | Identified the +0 scale mail of Anaesthesia {Rampage rCorr
                  | Int+6}
  1165 | D:1      | Bought a scroll labelled VOSTRO ELISUM for 25 gold pieces
  1435 | D:2      | Reached skill level 6 in Stealth
  1989 | D:1      | Bought a scroll labelled DAPESUUXEE for 25 gold pieces
  2081 | D:3      | Reached XP level 4. HP: 30/30 MP: 4/4
  2115 | D:3      | Reached *** piety under Uskayaw
  2119 | D:3      | Reached **** piety under Uskayaw
  2478 | D:1      | Bought a fizzy ruby potion for 22 gold pieces
  2478 | D:1      | Bought a scroll labelled JECURE LUJE for 25 gold pieces
  3428 | D:4      | Reached XP level 5. HP: 36/36 MP: 5/5
  3532 | D:4      | Found a glowing silver altar of Zin.
  3612 | D:4      | Reached skill level 7 in Stealth
  3620 | D:4      | Found a sand-covered staircase.
  3627 | Ossuary  | Entered an ossuary
  3793 | Ossuary  | Slain by a water moccasin zombie

Illustrated notes

Levels and vault maps discovered:
D:1:      dpeg_arrival_long_road, layout_basic, serial_shops, shop,
          ebering_ecumenical_altar_abandoned, kennysheep_decorative_pillar
D:2:      layout_basic
D:3:      layout_basic
D:4:      layout_loops_ring, zin_scriptorium, lemuel_zombie_altar_yredelemnul,
          gup_ossuary_entry_pyramid, nicolae_shop_self_help
Ossuary:  ossuary_tomb_2

Skill      XL: |  1  2  3  4  5 |
---------------+----------------+-----
Short Blades   | 3 4 |  4.0
Stealth        | 6 7 |  7.3
Fighting       | 3 |  3.1
Throwing       | |  2.0
Dodging        | |  1.0

Action                   |  1- 3 |  4- 6 || total
-------------------------+-------+-------++-------
Melee: Dagger            |    46 |    87 ||   133
       Constrict         |     9 |    31 ||    40
       Tentacles         |     6 |    21 ||    27
       Punch             |     1 |     2 ||     3
  Use: Scroll            |     7 |     7 ||    14
       Potion            |       |     1 ||     1
 Stab: Sleeping          |    16 |    11 ||    27
       Distracted        |       |     1 ||     1
       Paralysed         |       |     1 ||     1
Armor: Skin              |     5 |     9 ||    14
Dodge: Dodged            |    10 |    44 ||    54
